 Dungeon Crawl Stone Soup version 0.21.1-1-g345015f (webtiles) character file.

263 vatarom the Slasher (level 5, -5/57 HPs)
             Began as a Demonspawn Gladiator on May 13, 2018.
             Slain by an orc warrior
             ... wielding a +1 scimitar of holy wrath
              (19 damage)
             ... on level 3 of the Dungeon.
             The game lasted 00:04:47 (3182 turns).

vatarom the Slasher (Demonspawn Gladiator)          Turns: 3182, Time: 00:04:48

Health: -5/57      AC: 22    Str: 14    XL:     5   Next: 98%
Magic:  5/5        EV:  2    Int: 10    God:
Gold:   300        SH:  0    Dex: 15    Spells: 4/4 levels left

rFire    . . .     SeeInvis .   a - +0 long sword
rCold    . . .     Gourm    .   (no shield)
rNeg     + + +     Faith    .   (armour currently unavailable)
rPois    +         Spirit   .   (helmet currently unavailable)
rElec    .         Reflect  .   (cloak currently unavailable)
rCorr    .         Harm     .   (gloves currently unavailable)
MR       .....     NoTele   +   (boots currently unavailable)
Stlth    +.........             (no amulet)
HPRegen  0.19/turn              (no ring)
MPRegen  0.09/turn              (no ring)

@: tree-form (expiring)
A: demonic guardian 1
a: no special abilities


You were on level 3 of the Dungeon.
You were hungry.
You were a tree.
You visited 1 branch of the dungeon, and saw 4 of its levels.

You collected 300 gold pieces.

Inventory:

Hand Weapons
 a - a +0 long sword (weapon)
Missiles
 d - 3 throwing nets (quivered)
 h - 2 javelins
Armour
 b - a +0 leather armour (melded)
 c - a +0 helmet (melded)
Jewellery
 s - an uncursed amulet of guardian spirit {unknown}
 t - an uncursed amulet of regeneration {unknown}
Wands
 o - a wand of disintegration (2)
Scrolls
 e - 5 scrolls of identify {unknown}
 i - 2 scrolls of magic mapping {unknown}
 j - a scroll of fear {unknown}
 l - a scroll of enchant weapon {unknown}
 q - 3 scrolls of teleportation {unknown}
 r - a scroll of remove curse {unknown}
Potions
 g - a potion of mutation {unknown}
 k - a potion of ambrosia {unknown}
 m - a potion of curing
 p - a potion of heal wounds
 u - a potion of might {unknown}
Comestibles
 f - 7 rations
 v - a chunk of flesh


   Skills:
 - Level 2.0 Fighting
 + Level 6.1 Long Blades
 - Level 1.7 Throwing
 - Level 2.6 Dodging


You had 4 spell levels left.
You didn't know any spells.

Dungeon Overview and Level Annotations

Branches:
Dungeon (4/15)
 Temple: D:4-7

Altars:
Elyvilon
Kikubaaqudgha
Sif Muna
Zin
The Shining One

Portals:
Sewer: D:4


Innate Abilities, Weirdness & Mutations

A weak demonic guardian rushes to your aid.
((When seriously injured, your bleeding wounds create armour. (AC +0)))


Message History

You hit the orc warrior but do no damage.
The orc warrior is severely wounded.
The orc warrior hits you but does no damage.
Your white imp hits the orc warrior but does no damage.
You barely miss the orc warrior.
The orc warrior is severely wounded.
The orc warrior hits you with a scimitar of holy wrath.
You convulse.
Your white imp hits the orc warrior but does no damage.
You closely miss the orc warrior.
The orc warrior is severely wounded.
The orc warrior barely misses you.
Your white imp hits the orc warrior but does no damage.
You hit the orc warrior.
The orc warrior is severely wounded.
Your transformation is almost over.
The orc warrior hits you with a scimitar of holy wrath!
* * * LOW HITPOINT WARNING * * *
You convulse!!
You die...

#.....#
##........#####.
#.....#
###.#............
#.....#
#......##.######.
#.....#
####...##.# #...
####### ##...####
#... ##...## #...
#....# #...
###..### #...
#########♣o..#
#...
#......)..5###
#... #..........#
#... #..........#
#... ############
#... #... ####


You could see an orc warrior and a friendly white imp.

Vanquished Creatures
  A scorpion (D:2)
  A crimson imp (D:4)
  2 worker ants
  3 adders
  An ooze (D:3)
  8 worms
  4 dart slugs
  5 leopard geckos
  2 orcs (D:3)
  2 ball pythons
  3 giant cockroaches
  5 hobgoblins
  4 jackals (D:3)
  5 quokkas
  3 bats
  5 frilled lizards
  8 goblins
  11 kobolds
  6 rats
79 creatures vanquished.

Vanquished Creatures (collateral kills)
  A giant cockroach (D:4)
  2 ball pythons (D:4)
3 creatures vanquished.

Grand Total: 82 creatures vanquished

Notes
Turn   | Place    | Note
-------+----------+-------------------------------------------
     0 | D:1      | vatarom the Demonspawn Gladiator began the quest for the Orb.
     0 | D:1      | Reached XP level 1. HP: 16/16 MP: 1/1
   125 | D:1      | Reached skill level 3 in Long Blades
   229 | D:1      | Gained mutation: A weak demonic guardian rushes to your aid. [demonic ancestry]
   229 | D:1      | Reached XP level 2. HP: 11/22 MP: 2/2
   758 | D:2      | Gained mutation: When seriously injured, your bleeding wounds create armour. (AC +0) [demonic ancestry]
   758 | D:2      | Reached XP level 3. HP: 23/27 MP: 3/3
   790 | D:2      | Reached skill level 4 in Long Blades
   854 | D:2      | Noticed a scorpion
   864 | D:2      | Killed a scorpion
   864 | D:2      | Reached XP level 4. HP: 21/33 MP: 4/4
   960 | D:2      | Found an ancient bone altar of Kikubaaqudgha.
  1189 | D:2      | Found a glowing silver altar of Zin.
  1189 | D:2      | Found a glowing golden altar of the Shining One.
  1189 | D:2      | Found a white marble altar of Elyvilon.
  1585 | D:2      | Reached skill level 5 in Long Blades
  1952 | D:3      | Found a deep blue altar of Sif Muna.
  2117 | D:3      | Reached XP level 5. HP: 28/38 MP: 5/5
  2709 | D:4      | Reached skill level 6 in Long Blades
  3165 | D:4      | Noticed an orc warrior
  3167 | D:4      | Found a glowing drain.
  3182 | D:3      | Slain by an orc warrior

Skill      XL: |  1  2  3  4  5 |
---------------+----------------+-----
Long Blades    | 3 4 5 6 |  6.1
Fighting       | |  2.0
Throwing       | |  1.7
Dodging        | |  2.6

Action                   |  1- 3 |  4- 6 || total
-------------------------+-------+-------++-------
Melee: Long sword        |    76 |   166 ||   242
  Use: Potion            |     2 |     3 ||     5
 Stab: Sleeping          |       |     2 ||     2
  Eat: Chunk             |       |     7 ||     7
Armor: Leather armour    |    21 |    46 ||    67
       Skin              |       |     3 ||     3
Dodge: Dodged            |    59 |   114 ||   173
       Rpst.: Long sword |    14 |    34 ||    48
